 Dungeon Crawl Stone Soup version 0.22.0 (webtiles) character file.

74889 kroki the Brawler (level 15, -4/126 HPs)
             Began as a Minotaur Transmuter on Aug 12, 2018.
             Was the Champion of Cheibriados.
             Killed from afar by Frances (40 damage)
             ... with a shard of ice
             ... on level 14 of the Dungeon.
             The game lasted 00:23:44 (26934 turns).

kroki the Brawler (Minotaur Transmuter)            Turns: 26934, Time: 00:23:44

Health: -4/126     AC: 24    Str: 32    XL:     15   Next: 8%
Magic:  11/21      EV: 18    Int: 29    God:    Cheibriados [******]
Gold:   1521       SH:  0    Dex: 26    Spells: 13/24 levels left

rFire    . . .     SeeInvis .     - Unarmed
rCold    . . .     Gourm    .   (shield currently unavailable)
rNeg     . . .     Faith    .   A - +2 scale mail {rPois}
rPois    +         Spirit   .   Z - +2 hat
rElec    .         Reflect  .   (no cloak)
rCorr    .         Harm     .   (gloves currently unavailable)
MR       +....                  U - +2 pair of boots
Stlth    +.........             (no amulet)
HPRegen  1.31/turn              M - ring of Robustness {AC+8}
MPRegen  0.17/turn              B - +2 ring of evasion

@: blade hands, regenerating, very slow
A: retaliatory headbutt, horns 2
a: End Transformation, Bend Time, Temporal Distortion, Slouch, Step From Time,
Renounce Religion


You were on level 14 of the Dungeon.
You worshipped Cheibriados.
Cheibriados was exalted by your worship.
You were not hungry.
You had blades for hands.
You visited 3 branches of the dungeon, and saw 21 of its levels.
You also visited: Sewer.

You collected 1776 gold pieces.
You spent 255 gold pieces at shops.

Inventory:

Missiles
 a - 422 arrows
 P - 9 curare-tipped needles
 Y - a throwing net {=f, !d}
Armour
 u - a +2 pair of gloves (melded)
   (You found it on level 3 of the Dungeon)
 A - a +2 scale mail of poison resistance (worn)
   (You found it on level 4 of the Dungeon)
 U - a +2 pair of boots (worn)
   (You found it on level 1 of the Lair of Beasts)
 Z - a +2 hat (worn)
   (You found it on level 6 of the Lair of Beasts)
Magical Staves
 z - an uncursed staff of wizardry {wiz+, !a}
   (You found it on level 4 of the Lair of Beasts)
Jewellery
 B - a +2 ring of evasion (right scythe-like blade)
   (You found it on level 5 of the Dungeon)
 E - an uncursed ring of protection from cold {rC+, !d}
   (You found it on level 12 of the Dungeon)
 H - an uncursed ring of teleportation {+/*tele, !d}
   (You found it on level 6 of the Dungeon)
 I - an uncursed ring of fire {rF+, rC-}
   (You found it on level 6 of the Dungeon)
 M - the ring of Robustness (left scythe-like blade) {AC+8}
   (You found it on level 8 of the Dungeon)

   [ring of protection]

   It affects your AC (+8).
 T - an uncursed ring of flight {+Fly, !d}
   (You found it on level 1 of the Lair of Beasts)
Wands
 k - a wand of paralysis (24)
   (You found it on level 6 of the Lair of Beasts)
 p - a wand of flame (62)
   (You found it on level 5 of the Lair of Beasts)
 s - a wand of iceblast (2)
   (You took it off Ijyb on level 3 of the Dungeon)
 y - a wand of digging (27)
   (You found it on level 4 of the Dungeon)
 K - a wand of polymorph (21)
   (You took it off a crimson imp on level 7 of the Dungeon)
 L - a wand of enslavement (16)
   (You took it off an orc warrior on level 7 of the Dungeon)
Scrolls
 b - a scroll of random uselessness {unknown}
 c - a scroll of noise {!r}
 e - 15 scrolls of remove curse
 f - 7 scrolls of enchant armour
 i - 4 scrolls of blinking {unknown}
 o - 3 scrolls of amnesia {unknown}
 r - 18 scrolls of teleportation
 v - 5 scrolls of enchant weapon {unknown}
 w - 2 scrolls of fear {unknown}
 D - a scroll of summoning {unknown}
 G - 5 scrolls of magic mapping {!r}
 J - 2 scrolls of acquirement {unknown}
 N - a scroll of brand weapon {unknown}
 S - a scroll of silence
 X - 2 scrolls of fog
Potions
 j - 4 potions of resistance
 m - 3 potions of flight
 q - 6 potions of curing
 t - 2 potions of ambrosia
 x - 2 potions of magic
 C - a potion of agility
 F - 3 potions of might
 O - 2 potions of brilliance {unknown}
 Q - 2 potions of lignification {!q}
 R - a potion of cancellation
 V - a potion of heal wounds
Miscellaneous
 l - a crystal ball of energy
   (You found it on level 10 of the Dungeon)
 W - a phantom mirror
Comestibles
 d - 39 rations


   Skills:
 - Level 10.0 Fighting
 - Level 10.0 Armour
 + Level 6.3 Dodging
 - Level 15.0 Unarmed Combat
 - Level 5.0 Spellcasting
 - Level 5.0 Charms
 - Level 5.1 Necromancy
 * Level 9.3 Transmutations
 + Level 10.0 Invocations
 - Level 5.0 Evocations


You had 13 spell levels left.
You knew the following spells:

 Your Spells              Type           Power        Failure   Level  Hunger
a - Beastly Appendage     Tmut           ######       9%          1    None
r - Regeneration          Chrm/Necr      #####.....   30%         3    #......
s - Sticks to Snakes      Tmut           ######..     11%         2    None
x - Blade Hands           Tmut           ######....   36%         5    #####..

Your spell library contained the following spells:

 Spells                   Type           Power        Failure   Level  Hunger
 Magic Dart               Conj           #...         47%         1    None
 Conjure Flame            Conj/Fire      #.......     75%         3    #......
 Slow                     Hex            #.......     56%         2    None
 Confuse                  Hex            #.......     75%         3    #......
 Mephitic Cloud           Conj/Pois/Air  #.......     75%         3    #......
 Blink                    Tloc           N/A          56%         2    None
 Summon Ice Beast         Ice/Summ       #.......     96%         4    ###....
 Call Imp                 Summ           #.......     56%         2    None
 Stone Arrow              Conj/Erth      #.....       75%         3    #......
 Spider Form              Tmut/Pois      ####......   32%         3    #......
 Ice Form                 Ice/Tmut       ####....     56%         4    ###....
 Confusing Touch          Hex            #.....       47%         1    None
 Passwall                 Tmut/Erth      ####....     22%         2    None
 Call Canine Familiar     Summ           #.......     75%         3    #......
 Metabolic Englaciation   Hex/Ice        #.........   100%        5    #####..
 Summon Butterflies       Summ           #.......     47%         1    None
 Lee's Rapid Deconstruct  Erth           #.........   100%        5    #####..
 Sandblast                Erth           #.....       47%         1    None
 Petrify                  Tmut/Erth      ####....     56%         4    ###....
 Summon Hydra             Summ           #.........   100%        7    #######
 Shroud of Golubria       Chrm/Tloc      ###.......   36%         2    None
 Infusion                 Chrm           ####         17%         1    None
 Song of Slaying          Chrm           #####...     21%         2    None
 Spectral Weapon          Hex/Chrm       ###.....     50%         3    #......
 Summon Mana Viper        Hex/Summ       #.......     100%        5    #####..
 Gell's Gravitas          Tloc           #.........   75%         3    #......
 Yara's Violent Unravell  Hex/Tmut       ####......   82%         5    #####..


Dungeon Overview and Level Annotations

Branches:
Dungeon (14/15)            Temple (0/1) D:5            Lair (6/6) D:11
  Swamp (0/4) Lair:3        Snake (1/4) Lair:4          Orc (0/2) D:11
 Vaults (0/5) D:13
  Slime: Lair:5-6

Altars:
Ashenzari
Cheibriados
Hepliaklqana
Kikubaaqudgha
Makhleb
Nemelex Xobeh
Okawaru
Trog
The Shining One

Shops:
D:11 ?   D:12 %   D:13 [

Portals:
Trove: D:14 (give 2 scrolls of acquirement)

Annotations:
D:14 Frances
Lair:5 exclusion: oklob plant


Innate Abilities, Weirdness & Mutations

You reflexively headbutt those who attack you in melee.
You have a pair of horns on your head.


Message History

You slash the wight! Your headbutt misses the wight.
You slash the wight, but do no damage.
The wight is severely damaged.
The wight closely misses you.
A wight is nearby!
You hit the wight but do no damage.
You headbutt the wight, but do no damage.
The wight is severely damaged.
A wight is nearby!
You slice the wight!!
You destroy the wight!
Cheibriados appreciates the change of pace.
Things that are here:
an enchanted scimitar; a robe
Things that are here:
a short sword; a robe
Things that are here:
an enchanted long sword; a robe Your transformation is almost over.
All of the chunks of flesh in your inventory have rotted away.
Your hands revert to their normal proportions.
Your +2 pair of gloves unmelds from your body.
You now have 1488 gold pieces (gained 18).
You now have 1506 gold pieces (gained 18).
Things that are here:
an enchanted scimitar; a robe
Found an escape hatch in the floor.
There is an escape hatch in the floor here.
There is an escape hatch in the floor here.
Found an escape hatch in the ceiling.
r - 18 scrolls of teleportation (gained 1)
A two-headed ogre comes into view.
It is wielding a dire flail and a giant club.
The two-headed ogre closely misses you. You furiously retaliate!
You headbutt the two-headed ogre.
The two-headed ogre hits you with a giant club.
You pummel the two-headed ogre!!
The two-headed ogre is heavily wounded.
A two-headed ogre is nearby!
You pummel the two-headed ogre!!
You headbutt the two-headed ogre, but do no damage.
The two-headed ogre is almost dead.
The two-headed ogre hits you with a dire flail!
The two-headed ogre completely misses you.
A two-headed ogre is nearby!
You punch the two-headed ogre!
You kill the two-headed ogre!
Cheibriados appreciates the change of pace.
Training target 5.0 for Charms reached!
Your Charms skill increases to level 5!
Your Invocations skill increases to level 10!
Casting: Blade Hands (safe; 6% risk of failure)
Confirm with . or Enter, or press ? or * to list all spells.
Your hands turn into razor-sharp scythe blades.
Your +2 pair of gloves melds into your body.
There is an escape hatch in the ceiling, spattered with blood here.
Things that are here:
a dire flail; a giant club Your transformation is almost over.
Your hands revert to their normal proportions.
Your +2 pair of gloves unmelds from your body.
You now have 1521 gold pieces (gained 15).
Marking area around Frances as unsafe for travelling.
Frances, Duchess of Pandemonium comes into view.
She is wielding a hand axe.
Frances shouts!
Frances whispers indecipherable words.
Frances mutters in a terrible tongue.
Casting: Blade Hands (safe; 6% risk of failure)
Confirm with . or Enter, or press ? or * to list all spells.
Your skin crawls.
Frances mutters in a terrible tongue.
Frances seems to speed up.
Casting: Regeneration (safe; 4% risk of failure)
Confirm with . or Enter, or press ? or * to list all spells.
Your skin crawls.
Frances screams a word of power!
The iron shot hits you! The ice devil closely misses you.
You furiously retaliate!
You headbutt the ice devil!
Casting: Regeneration (safe; 4% risk of failure)
Confirm with . or Enter, or press ? or * to list all spells.
Your hands turn into razor-sharp scythe blades.
Your +2 pair of gloves melds into your body.
The ice devil hits you but does no damage.
Frances whispers indecipherable words.
The iron shot misses you. Frances hits you but does no damage.
The ice devil completely misses you. You furiously retaliate!
You headbutt the ice devil.
Frances speaks in an indecipherable language.
Frances hits you but does no damage. The ice devil hits you.
The ice devil freezes you!!
You hit Frances. You headbutt Frances, but do no damage.
Frances is lightly wounded.
Frances chants phrases taken from a devil's mouth.
The iron shot hits you!
The soul eater draws from the surrounding life force!
* * * LOW HITPOINT WARNING * * *
You shred Frances!!! Your headbutt misses Frances.
Frances is heavily wounded.
Frances whispers indecipherable words.
The shard of ice hits you!
You die...

#..<....#.# #.....#...
#.#####...###....###..
#.# #.###...........
#.# #.# #....#.).).#
#.# #.###...##.._..#
#.#####..##....#.).).#
#........##...........
####.....##......###..
#4@...##.......#...
#.@3..####..#.....#
###.### #..##)##.# 4#
#..##.##.# .#
####.....##.# ..
..#..#####.# ##
#.#........#
#.#..####### #....# ##


You could see Frances, a soul eater and 2 ice devils.

Vanquished Creatures
  A juggernaut (shapeshifter) (D:13)
  An ogre mage (D:13)
  Josephine (Lair:4)
  The ghost of Kuwegass the Cleaver, a journeyman DDFi of Makhleb (D:12)
  Harold (Lair:2)
  8 hydras
  A catoblepas (Lair:5)
  4 two-headed ogres
  3 centaur warriors (D:13)
  5 death yaks
  4 skeletal warriors (D:14)
  2 unseen horrors
  A wizard (D:14)
  An orc knight (D:13)
  3 manticores
  An ugly thing (D:13)
  2 cyclopes (D:13)
  2 black mambas
  5 elephants
  22 spiny frogs
  2 rime drakes (Lair:6)
  8 komodo dragons
  A yaktaur (D:13)
  An efreet (D:14)
  A redback zombie (D:13)
  4 tyrant leeches (Lair:6)
  2 guardian mummies (D:14)
  2 polar bears
  2 trolls
  16 blink frogs
  8 slime creatures
  10 hippogriffs
  A shadow (D:13)
  4 wyverns
  A vampire (D:12)
  2 humans
  7 wraiths
  3 hogs (D:7)
  A steam dragon (D:10)
  Grum (D:8)
  A human (shapeshifter) (D:14)
  42 yaks
  2 basilisks
  2 wargs (D:11)
  14 vampire mosquitoes
  5 nagas (Lair:4)
  A soldier ant (D:14)
  14 water moccasins
  A swamp drake (Lair:1)
  8 porcupines
  7 orc warriors
  2 black bears
  2 phantoms
  7 ice beasts
  4 necrophages (D:7)
  A sky beast (D:9)
  16 wolves
  4 boggarts
  5 ogres
  An eye of draining (D:13)
  4 centaurs
  15 crocodiles
  6 big kobolds
  28 bullfrogs
  A wyvern zombie (D:13)
  5 scorpions
  A howler monkey (D:5)
  25 wights
  3 electric eels
  4 centaur zombies
  5 crimson imps
  3 jellies
  4 hounds
  A quasit (D:9)
  4 bullfrog zombies
  3 centaur skeletons
  12 orc priests
  16 orc wizards
  4 bullfrog skeletons
  5 iguanas
  2 hell rats (Lair:6)
  Ijyb (D:3)
  7 worker ants
  A killer bee zombie (D:7)
  A hound zombie (D:7)
  2 hound skeletons
  3 mummies (D:7)
  3 worker ant zombies
  6 gnolls
  18 adders
  6 river rats
  3 shadow imps
  An ooze (D:3)
  An adder zombie (D:7)
  3 adder skeletons
  A worm (D:5)
  2 dart slugs
  5 leopard geckos
  46 orcs
  3 giant cockroaches
  14 goblins
  2 hobgoblins
  9 jackals
  17 kobolds
  2 quokkas
  5 bats
  5 frilled lizards
  A jackal zombie (D:6)
  A quokka skeleton (D:4)
  A quokka zombie (D:7)
  18 rats
624 creatures vanquished.

Vanquished Creatures (others)
  An unseen horror (D:10)
  11 fungi
  59 plants
71 creatures vanquished.

Grand Total: 695 creatures vanquished

Notes
Turn   | Place    | Note
-------+----------+-------------------------------------------
     0 | D:1      | kroki the Minotaur Transmuter began the quest for the Orb.
     0 | D:1      | Reached XP level 1. HP: 16/16 MP: 1/1
   614 | D:1      | Reached skill level 4 in Unarmed Combat
   614 | D:1      | Reached XP level 2. HP: 23/23 MP: 3/3
  1525 | D:2      | Reached XP level 3. HP: 28/28 MP: 4/4
  1534 | D:2      | Noticed a centaur
  1547 | D:2      | Killed a centaur
  1547 | D:2      | Reached skill level 6 in Unarmed Combat
  1547 | D:2      | Reached XP level 4. HP: 13/35 MP: 5/5
  2191 | D:2      | Reached XP level 5. HP: 40/40 MP: 6/6
  2685 | D:3      | Reached skill level 7 in Unarmed Combat
  2707 | D:3      | Found a bloodstained altar of Trog.
  2932 | D:3      | Noticed Ijyb
  2948 | D:3      | Killed Ijyb
  3239 | D:3      | Reached XP level 6. HP: 44/47 MP: 7/7
  3690 | D:4      | Reached skill level 8 in Unarmed Combat
  4380 | D:5      | Entered Level 5 of the Dungeon
  4386 | D:5      | Reached XP level 7. HP: 52/52 MP: 8/8
  4453 | D:5      | Found a shattered altar of Ashenzari.
  4464 | D:5      | Found an ancient bone altar of Kikubaaqudgha.
  4482 | D:5      | Reached skill level 9 in Unarmed Combat
  4517 | D:5      | Found a snail-covered altar of Cheibriados.
  4898 | D:5      | Became a worshipper of Cheibriados the Contemplative
  5084 | D:5      | Found a snail-covered altar of Cheibriados.
  5086 | D:5      | Found a glowing golden altar of the Shining One.
  5397 | D:5      | Got a steaming hand axe
  5452 | D:5      | Found a staircase to the Ecumenical Temple.
  5622 | D:6      | Found a glowing drain.
  5626 | Sewer    | Entered a sewer
  5706 | Sewer    | Reached skill level 10 in Unarmed Combat
  5712 | Sewer    | Reached * piety under Cheibriados
  5737 | Sewer    | Found a white marble altar of Elyvilon.
  6125 | D:6      | Reached XP level 8. HP: 32/59 MP: 9/9
  6522 | D:6      | Found a sparkling altar of Nemelex Xobeh.
  6656 | D:6      | Reached skill level 11 in Unarmed Combat
  6738 | D:6      | Learned a level 2 spell: Sticks to Snakes
  6744 | D:6      | Learned a level 5 spell: Blade Hands
  6751 | D:6      | Identified the +4 hand axe "Worm's Wrath" {speed, MR+} (You found it on level 5 of the Dungeon)
  6794 | D:7      | Reached skill level 2 in Fighting
  6794 | D:7      | Reached skill level 1 in Armour
  6809 | D:7      | Reached skill level 2 in Armour
  6812 | D:7      | Reached skill level 3 in Fighting
  6880 | D:7      | Reached skill level 3 in Armour
  7092 | D:7      | Reached ** piety under Cheibriados
  7092 | D:7      | Reached skill level 4 in Fighting
  7189 | D:7      | Reached skill level 4 in Armour
  7276 | D:7      | Reached skill level 5 in Fighting
  7276 | D:7      | Reached XP level 9. HP: 26/74 MP: 7/10
  7378 | D:7      | Reached skill level 5 in Armour
  7525 | D:7      | Reached skill level 1 in Invocations
  7649 | D:7      | Reached skill level 2 in Invocations
  7717 | D:7      | Reached skill level 3 in Invocations
  7814 | D:7      | Reached *** piety under Cheibriados
  7861 | D:7      | Reached skill level 4 in Invocations
  7983 | D:7      | Reached skill level 12 in Unarmed Combat
  8011 | D:7      | Found a hazy altar of Hepliaklqana.
  8201 | D:7      | Reached skill level 5 in Invocations
  8610 | D:8      | Reached XP level 10. HP: 70/80 MP: 12/12
  8656 | D:8      | Found the ring of Robustness {AC+8}
  8710 | D:8      | Reached skill level 13 in Unarmed Combat
  8959 | D:8      | Noticed Grum
  8963 | D:8      | Reached skill level 2 in Transmutations
  8966 | D:8      | Reached **** piety under Cheibriados
  8977 | D:8      | Killed Grum
  9644 | D:9      | Reached skill level 6 in Fighting
  9688 | D:9      | Reached skill level 6 in Armour
 10613 | D:10     | Entered Level 10 of the Dungeon
 10635 | D:10     | Reached skill level 3 in Transmutations
 10737 | D:10     | Reached skill level 6 in Invocations
 11141 | D:10     | Reached ***** piety under Cheibriados
 11271 | D:10     | HP: 20/83 [something] (6)]
 11274 | D:10     | HP: 6/83 [steam dragon] (6)]
 11827 | D:10     | Noticed a manticore
 11835 | D:10     | Killed an unseen horror
 11840 | D:10     | HP: 20/84 [manticore (4)]
 11844 | D:10     | Killed a manticore
 11844 | D:10     | Reached skill level 1 in Evocations
 11845 | D:10     | HP: 11/84 [barbs]
 12247 | D:10     | You fall through a shaft for 3 floors!
 12320 | D:11     | Found Dudy's Magic Scroll Boutique.
 12335 | D:11     | Bought a scroll of teleportation for 30 gold pieces
 12335 | D:11     | Bought 3 scrolls of teleportation for 90 gold pieces
 12335 | D:11     | Bought a scroll of teleportation for 30 gold pieces
 12335 | D:11     | Bought a scroll of teleportation for 30 gold pieces
 12335 | D:11     | Bought a scroll of enchant armour for 75 gold pieces
 12370 | D:11     | Reached skill level 7 in Fighting
 12370 | D:11     | Reached skill level 2 in Evocations
 12377 | D:11     | Reached XP level 11. HP: 52/92 MP: 14/14
 12602 | D:11     | Found a staircase to the Orcish Mines.
 12639 | D:11     | Reached skill level 7 in Armour
 12975 | D:11     | Found a burning altar of Makhleb.
 13238 | D:10     | Learned a level 3 spell: Regeneration
 13295 | D:11     | Found a staircase to the Lair.
 13461 | D:11     | Reached skill level 3 in Evocations
 13742 | Lair:1   | Entered Level 1 of the Lair of Beasts
 13783 | Lair:1   | Reached skill level 4 in Transmutations
 13785 | Lair:1   | Reached skill level 1 in Necromancy
 13791 | Lair:1   | Reached ****** piety under Cheibriados
 13918 | Lair:1   | Reached skill level 1 in Charms
 14162 | Lair:1   | Reached skill level 7 in Invocations
 14221 | Lair:1   | Reached skill level 4 in Evocations
 15329 | Lair:2   | Noticed a four-headed hydra
 15335 | Lair:2   | Killed a four-headed hydra
 15543 | Lair:2   | Noticed Harold
 15558 | Lair:2   | Killed Harold
 15558 | Lair:2   | Reached skill level 8 in Fighting
 15558 | Lair:2   | Reached skill level 2 in Necromancy
 15823 | Lair:2   | Reached skill level 8 in Armour
 15870 | Lair:2   | Reached XP level 12. HP: 101/101 MP: 16/16
 16256 | Lair:3   | Noticed a five-headed hydra
 16256 | Lair:3   | Noticed a four-headed hydra
 16259 | Lair:3   | Killed a four-headed hydra
 16259 | Lair:3   | Reached skill level 5 in Evocations
 16264 | Lair:3   | Reached skill level 2 in Charms
 16272 | Lair:3   | Killed a five-headed hydra
 16272 | Lair:3   | Reached skill level 14 in Unarmed Combat
 16291 | Lair:3   | Reached skill level 5 in Transmutations
 16399 | Lair:3   | Found a staircase to the Swamp.
 17534 | Lair:4   | Reached skill level 3 in Necromancy
 17603 | Lair:4   | Reached skill level 6 in Transmutations
 17603 | Lair:4   | Reached skill level 8 in Invocations
 17711 | Lair:4   | Noticed Josephine
 17718 | Lair:4   | Noticed a death yak
 17720 | Lair:4   | Noticed a death yak
 17721 | Lair:4   | Noticed a death yak
 17723 | Lair:4   | Noticed a death yak
 17725 | Lair:4   | Killed Josephine
 17725 | Lair:4   | Reached skill level 9 in Fighting
 17725 | Lair:4   | Reached skill level 9 in Armour
 17775 | Lair:4   | Noticed a death yak
 17793 | Lair:3   | Killed a death yak
 17802 | Lair:3   | Killed a death yak
 17802 | Lair:3   | Reached skill level 3 in Charms
 17895 | Lair:3   | Killed a death yak
 17967 | Lair:3   | Killed a death yak
 17967 | Lair:3   | Reached XP level 13. HP: 35/111 MP: 7/18
 18410 | Lair:4   | Found a staircase to the Snake Pit.
 18612 | Snake:1  | Entered Level 1 of the Snake Pit
 19104 | Lair:5   | HP: 26/111 [eight-headed hydra (10)]
 19825 | Lair:6   | Entered Level 6 of the Lair of Beasts
 19898 | Lair:6   | Reached skill level 2 in Spellcasting
 19932 | Lair:6   | Reached skill level 7 in Transmutations
 20105 | Lair:6   | Identified the +5 lajatang "Iseytue" {slice, MR+ Int+3 Stlth+} (You found it on level 6 of the Lair of Beasts)
 20113 | Lair:6   | Reached skill level 3 in Dodging
 20161 | Lair:6   | Reached skill level 4 in Necromancy
 20563 | Lair:6   | Reached skill level 3 in Spellcasting
 20666 | Lair:6   | Reached skill level 10 in Fighting
 20680 | Lair:6   | Reached skill level 9 in Invocations
 20687 | Lair:6   | Reached skill level 10 in Armour
 20689 | Lair:6   | Reached skill level 4 in Dodging
 20770 | Lair:6   | Reached XP level 14. HP: 121/121 MP: 19/19
 21195 | Lair:6   | Reached skill level 4 in Charms
 22240 | D:12     | Found Muive's Food Shoppe.
 22316 | D:12     | Reached skill level 8 in Transmutations
 22622 | D:12     | Found a runed gate.
 22623 | D:12     | Found a runed gate.
 22623 | D:12     | Found a runed gate.
 22625 | D:12     | Noticed Kuwegass's ghost (journeyman DDFi)
 22804 | D:12     | Killed Kuwegass's ghost
 22808 | D:12     | HP: 29/121 [nine-headed hydra (10)]
 23332 | D:13     | Reached skill level 4 in Spellcasting
 23767 | D:13     | Reached skill level 5 in Dodging
 23770 | D:13     | Reached skill level 15 in Unarmed Combat
 24184 | D:13     | Found Daeshurch's Armour Shop.
 24556 | D:13     | Noticed a juggernaut
 24577 | D:13     | HP: 25/121 [juggernaut (shapeshifter) (24)]
 24580 | D:13     | Killed a juggernaut
 24580 | D:13     | Reached skill level 5 in Necromancy
 25041 | D:13     | Found a gate to the Vaults.
 25109 | D:13     | Reached skill level 5 in Spellcasting
 25652 | D:14     | Reached skill level 9 in Transmutations
 25791 | D:14     | Found a portal to a secret trove of treasure.
 25958 | D:14     | Reached skill level 6 in Dodging
 26053 | D:14     | Reached XP level 15. HP: 45/126 MP: 14/21
 26338 | D:14     | Found an iron altar of Okawaru.
 26885 | D:14     | Reached skill level 5 in Charms
 26885 | D:14     | Reached skill level 10 in Invocations
 26927 | D:14     | Noticed Frances
 26934 | D:14     | Killed from afar by Frances

Skill      XL: |  1  2  3  4  5  6  7  8  9 10 11 12 13 14 15 |
---------------+----------------------------------------------+-----
Unarmed Combat | 4 6 7 8 10 11 12 13 14 15 | 15.0
Fighting       | 5 7 8 9 10 | 10.0
Armour         | 4 5 6 8 9 10 | 10.0
Invocations    | 5 6 7 8 9 10 | 10.0
Transmutations | 3 4 6 7 9 |  9.3
Evocations     | 2 4 5 |  5.0
Necromancy     | 2 3 4 5 |  5.1
Charms         | 1 3 4 5 |  5.0
Spellcasting   | 3 5 |  5.0
Dodging        | 4 6 |  6.3

Action                   |  1- 3 |  4- 6 |  7- 9 | 10-12 | 13-15 || total
-------------------------+-------+-------+-------+-------+-------++-------
Melee: Unarmed           |    70 |   198 |   297 |   536 |   597 ||  1698
       Headbutt          |     7 |    27 |    62 |   208 |   214 ||   518
       Punch             |       |     2 |    19 |    49 |    64 ||   134
       Kick              |       |       |    21 |     8 |       ||    29
Throw: Javelin           |       |    27 |    17 |       |       ||    44
       Tomahawk          |       |       |    20 |     2 |       ||    22
 Cast: Beastly Appendage |       |       |    13 |     4 |       ||    17
       Sticks to Snakes  |       |       |       |    11 |       ||    11
       Regeneration      |       |       |       |    16 |    45 ||    61
       Blade Hands       |       |       |       |       |    46 ||    46
Invok: Bend Time         |       |       |       |    16 |     9 ||    25
 Abil: End Transformatio |       |       |       |       |     3 ||     3
Evoke: Wand              |       |       |       |     9 |     2 ||    11
  Use: Potion            |     2 |       |       |     2 |       ||     4
       Scroll            |       |     7 |     6 |     6 |     9 ||    28
  Eat: Chunk             |     2 |     9 |     6 |    16 |    23 ||    56
       Ration            |       |       |     1 |     1 |     4 ||     6
Armor: Robe              |     7 |       |       |       |       ||     7
       Chain mail        |    11 |   101 |       |       |       ||   112
       Scale mail        |       |       |   104 |   244 |   373 ||   721
       Plate armour      |       |       |     1 |       |       ||     1
Dodge: Dodged            |    28 |    74 |   176 |   295 |   457 ||  1030

Vault maps used:
D:1:      nagdon_arrival_double_spiral
D:2:      first_ration, serial_glass, glass_columns_c, glass_columns_a
D:3:      kennysheep_goblin_castle, lemuel_coloured_pillars_altar
D:4:      uniq_ijyb
D:5:      minitemple, gammafunk_temple_overflow_statue, temple_hall,
          grunt_decor_cap, cheibriados_altar_1
D:6:      gup_sewer_entry_spiral, nemelex_altar_shiori
D:7:      lemuel_round_altar, serial_undead, serial_undead_b, serial_undead_d,
          serial_undead_f, serial_undead_b, serial_undead_b, serial_undead_d,
          serial_undead_a, serial_undead_f, serial_undead_a, serial_undead_a,
          grunt_livestock
D:8:      uniq_grum
D:10:     lightli_fourway_metalbox
D:11:     lair_entry_dummy, erik_orc_4, serial_shops,
          nicolae_shop_window_shopping, basic_altar
D:12:     serial_shops, shop, gammafunk_ghost_hydra_chop, fountainhead
D:13:     hangedman_vaults_entry_quadrant_bands, serial_shops,
          nicolae_shop_behind_doors, hangedman_abyss_or_decor_clamps
D:14:     hex_medium, nicolae_trove_entry_path_of_doom, grunt_decor_resistance,
          okawaru_ov_weapons_minmay, uniq_frances
Lair:1:   grunt_megastairs_2, serial_bayou_shore_a
Lair:2:   uniq_harold
Lair:3:   minmay_swamp_entry_swarm
Lair:4:   minmay_snake_entry_guardpost_medium, uniq_josephine
Lair:5:   minmay_slime_entry_oklob_enclosed, wad_woods_road_03
Lair:6:   minmay_lair_end_frog_pond, wad_woods_river_02,
          grunt_forest_small_clearings, minivault_27, kennysheep_rathole
Snake:1:  st_stairs_10, hangedman_corner_corridor, uniq_louise, uniq_kirke,
          uniq_azrael
Sewer:    sewer_kobolds

Table legend:
 A = Turns spent in this place as a percentage of turns spent in the entire game.
 B = Non-inter-level travel turns spent in this place as a percentage of non-inter-level travel turns spent in the entire game.
 C = Inter-level travel turns spent in this place as a percentage of turns spent in this place.
 D = Turns resting spent in this place as a percentage of non-inter-level travel turns spent in this place.
 E = Turns spent auto-exploring this place as a percentage of non-inter-level travel turns spent in this place.
 F = Non-inter-level travel turns spent in this place divided by the number of levels of this place that you've seen.
                   A       B       C       D       E      F
               +-------+-------+-------+-------+-------+----------------------
         Total | 100.0 | 100.0 |   3.7 |   0.0 |  80.2 | 1178.4
       Dungeon |  68.5 |  68.5 |   3.7 |   0.0 |  80.6 | 1268.1
          Lair |  30.8 |  30.8 |   3.9 |   0.0 |  80.0 | 1330.0
     Snake Pit |   0.0 |   0.0 |   0.0 |   0.0 |   0.0 |   2.0
         Sewer |   0.7 |   0.7 |   0.0 |   0.0 |  58.2 | 189.0
               +-------+-------+-------+-------+-------+----------------------

Table legend:
 A = Kills in this place as a percentage of kills in entire the game.
 B = Kills by you in this place as a percentage of kills by you in the entire game.
 C = Kills by friends in this place as a percentage of kills by friends in the entire game.
 D = Other kills in this place as a percentage of other kills in the entire game.
 E = Experience gained in this place as a percentage of experience gained in the entire game.
 F = Experience gained in this place divided by the number of levels of this place that you have seen.
                   A       B       C       D       E      F
               +-------+-------+-------+-------+-------+----------------------
         Total | 100.0 | 100.0 |   N/A |   N/A | 100.0 | 4863.0
       Dungeon |  63.0 |  63.0 |   N/A |   N/A |  47.3 | 3613.6
          Lair |  35.4 |  35.4 |   N/A |   N/A |  52.6 | 9378.7
         Sewer |   1.6 |   1.6 |   N/A |   N/A |   0.1 | 122.0
               +-------+-------+-------+-------+-------+----------------------
